 Dungeon Crawl Stone Soup version 0.26.0-18-gc5c842f807 (webtiles) character file.

Game seed: 13162350799293416312

53 thiole the Sneak (level 3, 0/21 HPs)
             Began as an Octopode Hedge Wizard on Jan 23, 2021.
             Was an Initiate of Gozag.
             Succumbed to hobgoblin's curare-tipped dart
             ... on level 3 of the Dungeon.
             The game lasted 00:03:59 (1631 turns).

thiole the Sneak (Octopode Hedge Wizard)            Turns: 1631, Time: 00:03:59

Health: 0/21       AC:  1    Str:  7 (9)  XL:     3   Next: 89%
Magic:  5/7        EV: 13    Int: 16 (17) God:    Gozag
Gold:   19         SH:  0    Dex: 10 (11) Spells: 7/8 levels left

rFire    . . .     SeeInvis .   a - +0 dagger
rCold    . . .     Faith    .   (no shield)
rNeg     . . .     Spirit   .   b - +0 hat
rPois    .         Reflect  .   (no amulet)
rElec    .         Harm     .   (no ring)
rCorr    .         Rampage  .   (no ring)
Will     .....                  (no ring)
Stlth    +++.......             (no ring)
HPRegen  0.07/turn              (no ring)
MPRegen  0.10/turn              (no ring)
                                (no ring)
                                (no ring)

@: lethally poisoned (0 -> -17), very slightly contaminated, slowed, very slow
A: almost no armour, stealthy swim, amphibious, 8 rings, constrict 8, camouflage
1, gelatinous body 1
a: Renounce Religion, Potion Petition, Call Merchant, Bribe Branch


You were on level 3 of the Dungeon.
You worshipped Gozag.
Gozag was noncommittal.
You visited 1 branch of the dungeon, and saw 3 of its levels.

You collected 26 gold pieces.
You paid 7 gold pieces to Gozag.

Inventory:

Hand Weapons
 a - a +0 dagger (weapon)
Armour
 b - a +0 hat (worn)
Scrolls
 c - a scroll of magic mapping {unknown}
 e - 3 scrolls of random uselessness {unknown}
 f - 2 scrolls of identify {unknown}
Potions
 h - a potion of curing {unknown}


   Skills:
 - Level 2.0 Dodging
 + Level 3.4 Stealth
 + Level 3.2 Spellcasting
 * Level 2.3 Conjurations
 - Level 2.0 Summonings
 - Level 1.0 Translocations


You had 7 spell levels left.
You knew the following spells:

 Your Spells              Type           Power        Failure   Level
a - Magic Dart            Conj           40%          7%          1

Your spell library contained the following spells:

 Spells                   Type           Power        Failure   Level
 Call Imp                 Summ           9%           12%         2
 Blink                    Tloc           N/A          19%         2
 Slow                     Hex            2%           28%         2
 Conjure Flame            Conj/Fire      6%           34%         3
 Mephitic Cloud           Conj/Pois/Air  5%           36%         3


Dungeon Overview and Level Annotations

Branches:
Dungeon (2/15)

Altars:
Gozag
Yredelemnul


Innate Abilities, Weirdness & Mutations

You cannot wear most types of armour.
You are very stealthy in the water. (Stealth+)
You are amphibious.
You can wear up to eight rings at the same time.
You can use your tentacles to constrict eight enemies at once.
Your skin changes colour to match your surroundings (Stealth+).
Your rubbery body absorbs attacks. (AC +1, EV +1)


Message History

You feel as though you will be slow longer.
Things that are here:
18 gold pieces; 2 curare-tipped darts
Casting: Magic Dart (safe; 7% risk of failure)
Confirm with . or Enter, or press ? or * to list all spells.
Aiming: Magic Dart (safe; 7% risk of failure)
Press: ? - help, Shift-Dir - straight line, f/p - hobgoblin
Aim: a hobgoblin, wielding a +0 club and quivering 5 curare-tipped darts (0% to evade)
You miscast Magic Dart.
You are very lightly contaminated with residual magic.
Nothing appears to happen.
* * * LOW HITPOINT WARNING * * *
You feel sick.
The hobgoblin throws a curare-tipped dart.
The curare-tipped dart closely misses you.
It was a potion of degeneration.
There was something very wrong with that liquid.
You feel weakened.
You feel dopey.
You feel clumsy.
You die...
Your body crumbles into a pile of gold.

####### .....# #...$# ###
#....#....
################....#....
.......(@.!$.$......$....
b.##g###########....#....
#...(# . #....# #.###..
#.# .## #.# .. #.# ..h
.h..


You could see a hobgoblin.

Vanquished Creatures
  2 adders
  A dart slug (D:1)
  2 bats (D:1)
  3 goblins (D:1)
  7 hobgoblins
  7 jackals
  A frilled lizard (D:1)
  4 kobolds
  4 rats
31 creatures vanquished.

Notes
Turn   | Place    | Note
-------+----------+-------------------------------------------
     0 | D:1      | thiole the Octopode Hedge Wizard began the quest for the
                  | Orb.
     0 | D:1      | Reached XP level 1. HP: 11/11 MP: 4/4
   159 | D:1      | Reached XP level 2. HP: 13/17 MP: 6/6
   923 | D:1      | Reached XP level 3. HP: 21/21 MP: 2/7
  1321 | D:2      | Found an opulent altar of Gozag.
  1321 | D:2      | Found a basalt altar of Yredelemnul.
  1326 | D:2      | Became a worshipper of Gozag Ym Sagoz the Greedy
  1379 | D:2      | You fall into a shaft and drop 1 floor!
  1631 | D:3      | Succumbed to hobgoblin's curare-tipped dart

Illustrated notes

Levels and vault maps discovered:
D:1:      lightli_arrival_noodles, layout_basic, chequers_hall_statues_wall_a
D:2:      layout_basic, gammafunk_temple_overflow_statue
D:3:      layout_basic, serial_rivers, chequers_serial_rivers_room_a,
          chequers_serial_rivers_micro_d, chequers_serial_rivers_small_a,
          chequers_serial_rivers_micro_b

Skill      XL: |  1  2  3 |
---------------+----------+-----
Stealth        | 3 |  3.4
Conjurations   | 2 |  2.3
Summonings     | 2 |  2.0
Dodging        | |  2.0
Spellcasting   | |  3.2
Translocations | |  1.0

Action                   || total
-------------------------++-------
Melee: Dagger            ||    54
       Constrict         ||    16
       Tentacles         ||    10
 Cast: Magic Dart        ||    61
  Use: Potion            ||     3
Armor: Skin              ||     6
Dodge: Dodged            ||    55
